[Event "34th GER-ch Seniors-65 2022"]
[Site "Magdeburg"]
[Date "2022.08.13"]
[Round "2.1"]
[White "Stoeckle, Hans-Joachim"]
[Black "Boidman, Yuri"]
[Result "0-1"]
[ECO "B01"]
[WhiteElo "1996"]
[BlackElo "2286"]
[Annotator "TA"]
[PlyCount "90"]
[EventDate "2022.08.12"]
[EventType "swiss"]
[EventCountry "GER"]
[SourceTitle "playchess.com"]
[Source "ChessBase"]
[SourceQuality "1"]
[TimeControl "40/5400+30:1800+30"]

1. e4 d5 2. exd5 Nf6 3. d4 Bg4 4. Nf3 Qxd5 5. Be2 Nc6 6. h3 Bh5 7. Nc3 {[%emt 0:03:04] B01: Scandinavian Defence.} (7. c4 $5 Qd6 8. g4 $14) 7... Qd6 (7... Qd7 $14) 8. Nb5 $16 Qd8 {[%emt 0:11:17] [#]} 9. g4 $146 (9. d5 $1 $16 Nb4 10. Bd2 Nbxd5 11. c4) ({Predecessor:} 9. d5 Bxf3 10. Bxf3 Ne5 11. Bf4 Nxf3+ 12. Qxf3 Rc8 13. Nxa7 Ra8 14. Nb5 Rc8 15. O-O-O {1-0 (29) Tronenkovs,V (2265)-Rakhmangulova,A (2191) Chess.com INT 2020}) 9... Bg6 $11 10. Bf4 (10. c4 $11) 10... Nd5 $15 11. Bg3 a6 $1 12. c4 axb5 13. cxd5 Qxd5 14. O-O O-O-O $2 {[%emt 0:05:48] Black is more active.} (14... h5 $17 {keeps the pressure on. ...hxg4 is the strong threat.} 15. Qb3 Be4) 15. Rc1 $2 (15. a4 $1 $16 b4 16. a5) 15... e6 $11 16. a4 Bd6 17. axb5 {[%emt 0:05:35] [#]} (17. Bxd6 {is interesting.} Rxd6 18. axb5 Nxd4 19. Nxd4 Qxd4 20. Qb3) 17... Nxd4 $1 18. Qxd4 Qxd4 19. Nxd4 {[%emt 0:03:10] Threatens to win with Rc4.} Bxg3 20. Nxe6 Rd2 21. fxg3 fxe6 22. Bc4 Rxb2 23. Bxe6+ Kb8 24. Bf5 Be8 25. Bd3 $1 Rb3 26. Rfd1 Rf8 27. Rb1 {[%emt 0:01:21] [#]} (27. Bf1 $11) 27... Rxd3 $1 $15 28. Rxd3 {[%emt 0:00:17][%mdl 4096] Endgame Threatening mate with Rd8+. KRR-KRB} Bg6 29. Rbd1 {[%emt 0:01:18] aiming for Rc3.} Bxd3 30. Rxd3 $17 {[%emt 0:00:04] KR-KR} Rf7 $1 {[%emt 0:00:07] Inhibits Rd7.} 31. Kg2 (31. Re3 $15) 31... Ka7 $1 $19 32. h4 (32. Rb3 $17) 32... Kb6 33. Rd5 c6 34. bxc6 Kxc6 35. Rh5 g6 $1 36. Rg5 (36. Re5) 36... b5 37. h5 {[%emt 0:00:23] [#]} Rf6 $2 (37... gxh5 $1 $19 {and Black stays clearly on top.} 38. Rxh5 b4) 38. Re5 $17 b4 ({Black should play} 38... Rd6 $17 {Strongly threatening ...b4.} 39. Re8 b4) 39. g5 $2 {[%emt 0:01:53][%mdl 8192] [#]} (39. Re7 $11) 39... Rd6 $1 $19 40. g4 Rd4 {[%emt 0:10:50] White must now prevent ...b3.} 41. hxg6 hxg6 {[%emt 0:30:11] ( -> ...b3)} 42. Kf3 b3 {[%emt 0:00:00] Black mates.} 43. Re2 Kc5 44. Ke3 Kc4 45. Rb2 Rxg4 {[%emt 0:07:50] Weighted Error Value: White=0.77/Black=0.36} (45... Rd1 $142 46. Rh2 Kc3 47. Kf4 Rf1+ 48. Ke5 b2 49. Rh3+ Kc4 50. Rh7 b1=Q 51. Rc7+ Kd3 52. Rd7+ Ke3 53. Rd5 Qb8+ 54. Ke6 Ke4 55. Rd2 Qe5+ 56. Kd7 Rf7+ 57. Kc6 Rc7+ 58. Kb6 Qc5+ 59. Ka6 Ra7#) 0-1

[Event "34th GER-ch Seniors-65 2022"]
[Site "Magdeburg"]
[Date "2022.08.13"]
[Round "2.3"]
[White "Heid, Michael"]
[Black "Klundt, Klaus"]
[Result "1/2-1/2"]
[ECO "D02"]
[WhiteElo "1935"]
[BlackElo "2288"]
[Annotator "TA"]
[PlyCount "161"]
[EventDate "2022.08.12"]
[EventType "swiss"]
[EventCountry "GER"]
[SourceTitle "playchess.com"]
[Source "ChessBase"]
[SourceQuality "1"]
[TimeControl "40/5400+30:1800+30"]

1. d4 d5 2. Bf4 c5 3. c3 Nc6 4. e3 Nf6 5. Bd3 e6 6. Nf3 Bd6 7. Bxd6 Qxd6 8. Nbd2 O-O 9. O-O e5 10. dxe5 Nxe5 11. Nxe5 Qxe5 12. Nf3 Qe7 13. h3 Bd7 14. Re1 {[%emt 0:01:49] D02: 1 d4 d5 2 Nf3 sidelines, including 2...Nf6 3 g3 and 2...Nf6 3 Bf4.} Bc6 15. Qe2 Rfe8 16. Rad1 Rad8 17. Bb5 {[%emt 0:07:27] [#]} Qc7 $146 ({Predecessor:} 17... Ne4 18. Bxc6 bxc6 19. Nd2 Nd6 20. Qa6 Qc7 21. c4 Re6 22. b3 Rg6 23. cxd5 cxd5 {0-1 (39) Moyano Morales,F (2290)-Bravo Barranco,N (2290) Spain 1995}) 18. Bxc6 Qxc6 19. Qd3 Rd7 20. Qf5 {[%emt 0:08:07] Strongly threatening Ne5.} Qa4 21. Qb1 h6 22. Rd3 Qe4 23. Red1 Red8 24. R3d2 Qe6 25. Qc2 Ne4 26. Rd3 c4 27. Rd4 b5 28. Nd2 Nc5 29. Nf3 Nd3 30. a3 a5 31. R4xd3 cxd3 32. Qxd3 Qb6 33. Qd4 Rb7 34. Qe5 Qe6 35. Qf4 b4 36. Nd4 Qd6 37. Qxd6 Rxd6 38. axb4 axb4 $11 {[%emt 0:00:00][%mdl 4096] Endgame KRR-KRN} 39. Nf5 ({White should play} 39. cxb4 $15 Rxb4 40. b3) 39... Rdd7 $17 40. cxb4 Rxb4 41. Rxd5 {[%emt 0:30:38][%mdl 64] Decoy} Rxd5 42. Ne7+ Kf8 43. Nxd5 Rxb2 {[%emt 0:00:09] KR-KN} 44. g3 Ke8 45. Kg2 Kd7 46. Kf3 Kd6 47. Nf4 Ra2 48. Nh5 g6 49. Nf6 Ke6 50. Ne4 Rc2 51. g4 Rc1 52. Ng3 Ke5 53. h4 Rc4 54. h5 (54. Ne2 $17 {is the only way for White.}) 54... f5 $1 $19 55. gxf5 gxh5 (55... gxf5 $19 {White must now prevent ...Kf6.} 56. Ne2 Rh4) 56. Nxh5 $11 Kxf5 57. e4+ $2 {[%emt 0:00:00] [#]} (57. Nf4 $11 {and White stays safe.}) 57... Kg5 $1 $19 58. Ng3 Rc3+ 59. Kg2 h5 (59... Rc6 $19 {and Black stays clearly on top. Threatens to win with ...Ra6.} 60. Kf3 Re6) 60. e5 {[%emt 0:00:00] [#]} (60. Nf5 $17 {might work better.}) 60... Rc8 $1 61. Ne4+ Kg6 $2 (61... Kf4 $19 62. f3 Kxe5) 62. Kg3 Rh8 63. Nd6 Ra8 64. f4 Ra3+ 65. Kh4 Ra4 66. Kg3 h4+ 67. Kf3 Ra3+ 68. Kg2 ({Not} 68. Kg4 $2 h3 69. f5+ Kh7 $19) 68... Kh5 69. e6 {[%emt 0:02:33] The position is equal.} Re3 70. Nf5 Re1 71. Kf2 Rxe6 (71... Re4 $5 72. Kf3 Re1 $11) 72. Ng7+ Kg4 {[%emt 0:00:06] ( -> ...Re7)} 73. Nxe6 $11 {[%emt 0:00:13] KN-KP} Kf5 74. Kf3 {[%emt 0:01:15] Intending Nd4+ and mate.} Kxe6 {[%emt 0:00:07] KP-KP} 75. Kg4 Kf6 76. Kxh4 Kf5 77. Kg3 Kf6 78. Kg4 $1 Kg6 79. f5+ Kf6 80. Kf4 Kf7 81. Kg5 {[%emt 0:00:06] Weighted Error Value: White=0.18 (very precise) /Black=0.14 (very precise)} 1/2-1/2

[Event "34th GER-ch Seniors-65 2022"]
[Site "Magdeburg"]
[Date "2022.08.13"]
[Round "2.4"]
[White "Polster, Wolfgang"]
[Black "Rackowiak, Hans"]
[Result "1/2-1/2"]
[ECO "B01"]
[WhiteElo "2237"]
[BlackElo "1986"]
[Annotator "TA"]
[PlyCount "60"]
[EventDate "2022.08.12"]
[EventType "swiss"]
[EventCountry "GER"]
[SourceTitle "playchess.com"]
[Source "ChessBase"]
[SourceQuality "1"]
[TimeControl "40/5400+30:1800+30"]

1. e4 d5 2. exd5 Nf6 3. Bb5+ Bd7 4. Be2 Nxd5 5. d4 Bf5 6. Nf3 g6 {[%emt 0:01:33] B01: Scandinavian Defence.} (6... Nb4 $14 7. Na3 e6) 7. O-O $16 Bg7 8. c4 Nb6 {[%emt 0:01:01][%cal Oc7c5] White is better.} 9. Nc3 Nc6 {[%emt 0:01:16] [#]} (9... O-O $142) 10. c5 $146 ({White should try} 10. d5 $1 $16 Nb8 11. Qb3) ({Predecessor:} 10. d5 Ne5 11. Bf4 Nxf3+ 12. Bxf3 O-O 13. c5 Nd7 14. g4 g5 15. Bxg5 h6 16. Bh4 Bh7 17. d6 cxd6 18. cxd6 {1-0 (40) Fritz,M (2200)-Grkinic,G (800) IECG email 1998}) 10... Nd5 $14 {[%emt 0:01:13] [#]} 11. a3 (11. Qb3 $1 $16 Nxc3 12. bxc3) 11... O-O $11 12. Bc4 Nxc3 13. bxc3 e5 14. Bg5 Qd7 15. d5 Na5 16. Ba2 h6 $36 {[%emt 0:01:43][%mdl 2048] White is under pressure.} 17. Be3 b5 ({Black should play} 17... Qb5 $11) 18. cxb6 (18. Nh4 $14) 18... axb6 $15 19. Nh4 $1 Nb7 20. Nxf5 gxf5 21. Bb3 f4 22. Bd2 (22. Bc1 $1 $11 {remains equal.}) 22... Nc5 $17 23. c4 e4 24. Bc2 Qf5 $2 ({Avoid the trap} 24... Bxa1 $2 25. Qxa1 f3 26. Qe5 (26. Bxh6 $2 Qg4 $19)) (24... f3 $19 25. h3 Bxa1 26. Qxa1 fxg2 27. Kxg2 Kh7) 25. f3 $11 Rfe8 (25... Bd4+ $11 {keeps the balance.} 26. Kh1 Bxa1 27. Qxa1 f6) 26. fxe4 $16 Bd4+ 27. Kh1 Nxe4 28. Bxf4 {[%emt 0:02:04] A strong pair of Bishops.} (28. Rb1 $16) 28... Bxa1 $11 {[%emt 0:08:45] The position is equal.} 29. Qxa1 Ng3+ 30. Bxg3 {[%emt 0:09:18] Really sharp!} Qxc2 {[%emt 0:00:13] Weighted Error Value: White=0.28 (precise) /Black=0.29 (precise)} 1/2-1/2

[Event "34th GER-ch Seniors-65 2022"]
[Site "Magdeburg"]
[Date "2022.08.13"]
[Round "2.5"]
[White "Biller, Helmut"]
[Black "Syre, Christian"]
[Result "0-1"]
[ECO "B08"]
[WhiteElo "2005"]
[BlackElo "2243"]
[Annotator "TA"]
[PlyCount "81"]
[EventDate "2022.08.12"]
[EventType "swiss"]
[EventCountry "GER"]
[SourceTitle "playchess.com"]
[Source "ChessBase"]
[SourceQuality "1"]
[TimeControl "40/5400+30:1800+30"]

1. d4 d6 2. e4 g6 3. Nc3 Bg7 4. Be3 Nc6 5. h3 e5 6. Nf3 exd4 7. Nxd4 Nf6 8. Be2 O-O 9. O-O Re8 {[%emt 0:00:04] B08: Pirc Defence: Classical System.} 10. Bf3 Ne5 11. Be2 {[%emt 0:00:45] [#]} a6 $146 {[%emt 0:00:02] Black is slightly better.} ({Predecessor:} 11... Bd7 12. Qd2 Nc6 13. Bd3 Ne5 14. f4 Nxd3 15. cxd3 c6 16. Rae1 d5 17. e5 Nh5 18. Bf2 Bh6 {1-0 (30) Shabalov,A (2522)-Thiede,L (2437) Berlin 2015}) 12. f4 Ned7 13. Bd3 {[%emt 0:02:06] [#]} (13. Bf3 $17) 13... c5 $1 $19 14. Nf3 Qc7 (14... b5 $17 {And now ...Bb7 would win.} 15. e5 dxe5 16. fxe5 Nxe5 17. Bxc5 b4) 15. e5 (15. a4 $11 {keeps the balance.}) 15... dxe5 $17 16. fxe5 Nxe5 {[%emt 0:00:42][%cal Oc8h3] White must now prevent ...Bxh3!} 17. Bf4 Nxf3+ 18. Qxf3 {[%emt 0:00:11] [#]} Qb6 19. Na4 Qb4 20. Bg5 Qxa4 21. Bxf6 Bxf6 22. Qxf6 Be6 23. Rf4 Qd7 24. Raf1 Qe7 ({Of course not} 24... Bxa2 $6 25. b3 b5 26. Kh1 $11) 25. Qc3 b5 ({Much less strong is} 25... Bxa2 26. b3 $16) 26. h4 Bd5 27. Qd2 Rad8 {[%emt 0:01:19] Threatens to win with ...c4.} 28. Ra1 $2 (28. Qf2 $17) 28... Qe5 $19 ({Avoid the trap} 28... c4 $2 29. Bf1 $19) 29. Qc1 Rd6 30. Bf1 Kg7 {[%emt 0:06:39] ...Rf6 is the strong threat.} 31. c4 (31. c3 $142) 31... Bc6 {[%emt 0:00:13] aiming for ...Rd4.} 32. Qc3 Rd4 33. Rxd4 cxd4 34. Qd2 Qe3+ (34... bxc4 $19 {has better winning chances.} 35. Bxc4 d3) 35. Qf2 (35. Qxe3 $17 dxe3 36. cxb5 axb5 37. Rc1) 35... Re4 36. cxb5 axb5 37. g3 (37. Qxe3 $17 dxe3 38. Re1) 37... Rg4 38. Qxe3 dxe3 39. Kh2 Rd4 40. Re1 Rd2+ 41. Re2 $2 {[%emt 0:42:39] Weighted Error Value: White=0.34/Black=0.22 (precise)} (41. Kg1) 0-1

[Event "34th GER-ch Seniors-65 2022"]
[Site "Magdeburg"]
[Date "2022.08.13"]
[Round "2.6"]
[White "Buchal, Stephan"]
[Black "Eichner, Christian"]
[Result "1-0"]
[ECO "A29"]
[WhiteElo "2230"]
[BlackElo "2024"]
[Annotator "TA"]
[PlyCount "71"]
[EventDate "2022.08.12"]
[EventType "swiss"]
[EventCountry "GER"]
[SourceTitle "playchess.com"]
[Source "ChessBase"]
[SourceQuality "1"]
[TimeControl "40/5400+30:1800+30"]

1. c4 e5 2. g3 Nf6 3. Bg2 d5 4. cxd5 Nxd5 5. Nf3 Nc6 6. O-O Nb6 7. d3 Be7 8. a3 a5 9. Nc3 O-O 10. Be3 Nd5 {[%emt 0:02:11] A29: English Opening: Four Knights Variation with 4 g3.} (10... Be6 $11) 11. Nxd5 $16 Qxd5 12. Nd4 {[%emt 0:01:11] Against Qb5} Qd6 (12... Qd7 $16 {is a better defense.} 13. Nxc6 bxc6) 13. Nxc6 $18 bxc6 {[%emt 0:00:06] [#]} 14. Rc1 $146 ({Predecessor:} 14. Qc2 Bd7 15. Rfd1 Rab8 16. d4 Be6 17. Rd2 Bd5 18. dxe5 Qxe5 19. Bf4 Qe6 20. Bxc7 {1-0 (29) Stachanczyk,J (2202)-Pawelec,B (2115) Wagrowiec 2016}) 14... Ra6 15. Qa4 Bd7 16. Bc5 Qe6 17. b4 (17. Bxe7 $18 Qxe7 18. Bxc6 Bxc6 19. Rxc6 Rxc6 20. Qxc6) 17... Rb8 (17... Rfa8 $11 {keeps the balance.}) 18. Bxe7 $16 {[%emt 0:10:06] White is more active.} c5 {[%emt 0:17:21] [#]} (18... Qxe7 $16 19. Bxc6 (19. bxa5 c5 $14) 19... Qd6 20. Bxd7 axb4) 19. Qc2 $1 $18 Qxe7 20. Qxc5 Qxc5 21. Rxc5 axb4 22. axb4 ({Much worse is} 22. Rxc7 $6 bxa3 23. Rxd7 a2 $14) 22... Rxb4 23. Rxe5 Kf8 24. f4 Rb2 25. Bf3 Rc2 26. Kf2 f6 27. Re3 g6 28. Rb1 {[%emt 0:01:26] Threatens to win with Rb8+.} Rb6 {[%emt 0:01:00] Prevents Rb8+.} 29. Ra1 {[%emt 0:00:15] Black must now prevent Ra8+.} Bc6 {[%emt 0:01:05] Inhibits Ra8+. Loses the game.} (29... Kf7 $16 {is more resistant.} 30. Bd5+ Be6) 30. Bxc6 Rcxc6 {[%emt 0:00:33][%mdl 4096] Endgame KRR-KRR} 31. Ra8+ Kf7 32. Rae8 {[%emt 0:00:37][%csl Ge8][%cal Re3e7] [#]} g5 (32... Re6 $18) 33. f5 {[%emt 0:02:02][%csl Ge8][%cal Re3e7] White mates.} Kg7 34. R3e7+ Kh6 35. g4 Rb4 36. Rh8 {[%emt 0:00:23] Weighted Error Value: White=0.12 (very precise) /Black=0.65} 1-0

[Event "34th GER-ch Seniors-65 2022"]
[Site "Magdeburg"]
[Date "2022.08.13"]
[Round "2.7"]
[White "Bischoff, Ulrich"]
[Black "Rahls, Peter"]
[Result "1/2-1/2"]
[ECO "D11"]
[WhiteElo "1978"]
[BlackElo "2223"]
[Annotator "TA"]
[PlyCount "92"]
[EventDate "2022.08.12"]
[EventType "swiss"]
[EventCountry "GER"]
[SourceTitle "playchess.com"]
[Source "ChessBase"]
[SourceQuality "1"]
[TimeControl "40/5400+30:1800+30"]

1. d4 d5 2. c4 c6 3. Nf3 Nf6 4. g3 a6 5. Bg2 e6 (5... dxc4 {is interesting.} 6. Ne5 b5 7. b3 cxb3 8. axb3 Bb7) 6. O-O {[%emt 0:01:53] D11: Slav Defence: 3 Nf3 sidelines and 3...Nf6 4 e3 Bg4.} Be7 7. Nc3 O-O 8. Bf4 (8. b3 $14) 8... Nbd7 (8... dxc4 $11 9. Ne5 b5) 9. a4 a5 10. Rc1 {[%emt 0:10:40] [#]} Re8 $146 ({Predecessor:} 10... Nb6 11. Ne5 Nh5 12. c5 Nxf4 13. gxf4 Nd7 14. Qd2 {½-½ (15) Wells,P (2526)-Speelman,J (2524) London 2008}) 11. cxd5 exd5 (11... Nxd5 $11 12. Qb3 Nxf4 13. gxf4 Qb6) 12. Nb5 $1 $16 Bb4 (12... cxb5 $2 13. Bc7 $18) (12... Nf8 $14) 13. Nc7 $36 {[%emt 0:01:17][%mdl 2048] White is really pushing.} Ra7 14. Nxe8 Qxe8 15. Ne1 Nf8 16. Nd3 Ne6 17. Be5 Be7 18. Nc5 Nxc5 19. dxc5 Bf5 20. Qd4 Ra8 21. f3 Qf8 (21... Nd7 $16 {was necessary.}) 22. Rfd1 Nd7 23. Bd6 Bxd6 24. cxd6 Qxd6 25. e4 Be6 26. f4 $1 c5 27. Qd3 {[%emt 0:03:37] f5 is the strong threat.} d4 28. Qb5 (28. f5 $1 $18 {[%cal Rf5e6] and the rest is easy.}) 28... f6 (28... Qc6 $16) 29. e5 $1 $18 ({Don't play} 29. Qxb7 $6 Rb8 30. e5 fxe5 $16) 29... fxe5 30. Qxb7 ({Better is} 30. fxe5 $18 Qe7 31. Qxb7 (31. Bxb7 Rb8 $16)) 30... Rb8 31. Qc6 {[%emt 0:00:03] White is more active.} Rb6 32. Qxd6 Rxd6 33. fxe5 Rb6 {[%emt 0:00:10] [#]} 34. Rd2 (34. Bf1 $1 $16 {[%cal Rf1b5] Black must now prevent Bb5.} Rxb2 35. Re1) 34... Kf7 $11 35. Bf1 {[%emt 0:00:53] Threatens to win with Kf2.} Rb4 $2 (35... Ke7 $1 $11 {and Black stays safe.}) 36. Bb5 $18 Nxe5 {[%emt 0:00:21] [#] Strongly threatening ...Nf3+.} 37. Rf2+ ({Only move:} 37. Re2 $1 $18 Nd7 38. Bxd7 Bxd7 39. Rxc5 Bxa4 40. Rf5+ Kg8 41. Rd5) 37... Ke7 $14 {[%emt 0:00:52] And now ...c4 would win.} 38. Rxc5 Kd6 39. Rc1 d3 40. Kf1 Rd4 (40... Bg4 $14) 41. Rd2 (41. Rf4 $16 Rd5 42. Bc4 Nxc4 43. Rfxc4) 41... Bg4 (41... Bc4 $11) 42. Rc3 Be2+ 43. Rxe2 (43. Kf2 $14) 43... dxe2+ ({Black should try} 43... d2 $11 44. Rxe5 d1=Q+ 45. Re1 Qd2) 44. Kxe2 {[%emt 0:00:09] White is slightly better.} h5 45. h4 Re4+ 46. Re3 Rb4 {[%emt 0:00:52] Weighted Error Value: White=0.30/Black=0.35} 1/2-1/2

[Event "34th GER-ch Seniors-65 2022"]
[Site "Magdeburg"]
[Date "2022.08.13"]
[Round "2.8"]
[White "Brettschneider, Karl"]
[Black "Schulz, Michael"]
[Result "0-1"]
[ECO "A29"]
[WhiteElo "1949"]
[BlackElo "2217"]
[Annotator "TA"]
[PlyCount "54"]
[EventDate "2022.08.12"]
[EventType "swiss"]
[EventCountry "GER"]
[SourceTitle "playchess.com"]
[Source "ChessBase"]
[SourceQuality "1"]
[TimeControl "40/5400+30:1800+30"]

1. c4 e5 2. Nc3 Nf6 3. g3 d5 4. cxd5 Nxd5 5. Bg2 Nb6 6. Nf3 Nc6 7. d3 Be7 8. O-O O-O 9. Nd2 Be6 10. b3 Qd7 {[%emt 0:00:19] A29: English Opening: Four Knights Variation with 4 g3.} 11. Nc4 Rad8 12. Bb2 Bh3 {[%emt 0:00:14] Black is slightly better.} 13. Nxb6 axb6 14. Nd5 {[%emt 0:03:24] [#]} Bxg2 $146 ({Predecessor:} 14... Bc5 15. Bxh3 Qxh3 16. Nxc7 Rd6 17. Bc1 Nd4 18. a4 Rfd8 19. Be3 Nf5 20. Qd2 Rg6 21. Bxc5 Rh6 22. Qxh6 Nxh6 {0-1 (22) Brettschneider,K (2025)-Knaak,J (2144) Magdeburg 2020}) 15. Nxe7+ Qxe7 16. Kxg2 f5 17. Qc2 f4 18. f3 Nd4 19. Qd2 (19. Bxd4 $15 exd4 20. gxf4) 19... Nf5 $17 {[%emt 0:01:56] Hoping for ...Rd6. Black is much more active.} 20. Rg1 fxg3 21. hxg3 {[%emt 0:01:24] [#]} e4 ({Black should play} 21... Rd6 $1 {[%cal Oe5e4] Threatens to win with ...e4!} 22. Raf1 Rg6) 22. fxe4 Qxe4+ {[%emt 0:00:38][%mdl 64] Pin} 23. Kh3 $2 {[%emt 0:11:07][%mdl 8192] White does not recover from this.} (23. dxe4 $17 Rxd2 24. Be5) 23... Qe6 $19 ({And not} 23... Ne3 24. dxe4 Rxd2 25. Be5 $17) 24. g4 Ne3 {[%emt 0:02:09] ( -> ...Qh6+)} 25. Bc1 Qh6+ {[%emt 0:02:21] Black mates.} 26. Kg3 Qd6+ 27. Kh3 {[%emt 0:01:02] [#]} Rf2 $1 {[%emt 0:00:56] Weighted Error Value: White=1.09/Black=0.06 (flawless)} 0-1

[Event "34th GER-ch Seniors-65 2022"]
[Site "Magdeburg"]
[Date "2022.08.13"]
[Round "2.9"]
[White "Boost, Juergen"]
[Black "Vatter, Hans-Joachim"]
[Result "0-1"]
[ECO "C16"]
[WhiteElo "1948"]
[BlackElo "2186"]
[Annotator "TA"]
[PlyCount "80"]
[EventDate "2022.08.12"]
[EventType "swiss"]
[EventCountry "GER"]
[SourceTitle "playchess.com"]
[Source "ChessBase"]
[SourceQuality "1"]
[TimeControl "40/5400+30:1800+30"]

1. e4 e6 2. d4 d5 3. Nc3 Bb4 4. e5 b6 5. a3 Bxc3+ 6. bxc3 Qd7 7. Nf3 (7. Qg4 $14 Kf8 8. a4) 7... Ne7 {[%emt 0:03:57] C16: French: 3 Nc3 Bb4 4 e5: Lines without ...c5.} 8. a4 Ba6 9. Bxa6 Nxa6 {[%emt 0:00:02] The position is equal.} 10. Qd3 Nb8 11. O-O Nbc6 12. Ba3 Na5 13. Nd2 h5 {[%emt 0:13:39] [#]} 14. Rfd1 $146 ({Predecessor:} 14. Bb4 Nb7 15. Bxe7 Kxe7 16. f4 g6 17. Qg3 Kf8 18. Nf3 c5 19. a5 Nxa5 20. dxc5 {0-1 (44) Laursen,N (2245)-Sloth,J (2337) Middelfart 2012}) 14... Qc6 15. Qb5 a6 16. Qxc6+ Nexc6 {[%emt 0:00:24] Pair of Knights!} 17. Bb4 Kd7 18. Bxa5 Nxa5 19. Kf1 Rhb8 20. Ke2 Ra7 (20... Kc6 {with more complications.} 21. Kd3 b5 22. Rdb1 Nc4) 21. Kd3 b5 22. Nb3 Nxb3 23. cxb3 bxa4 (23... Raa8 $11) 24. bxa4 $2 $11 {[%emt 0:00:14][%mdl 4096] Endgame KRR-KRR} (24. b4 $14) 24... Rab7 $17 25. Rd2 Rb2 26. Ra2 Rb1 27. h4 f6 28. exf6 gxf6 29. g3 c5 {[%emt 0:00:38] Black is more active.} 30. Rdc2 (30. dxc5 $17 e5 31. f3) 30... Kd6 $19 31. Re2 cxd4 32. Kxd4 (32. cxd4 $17 R1b3+ 33. Kc2) 32... R8b3 33. Kd3 e5 34. Kc2 {[%emt 0:00:16] [#]} (34. a5 {keeps fighting.}) 34... Kc5 (34... a5 $1 $19 35. Re1 Rxe1 36. Kxb3 e4) 35. Re3 $2 {[%emt 0:00:24] [#] Now White is beyond hope.} (35. a5 $17) 35... e4 $1 36. f3 ({Weaker is} 36. Re1 Rxe1 37. Kxb3 f5 $19) 36... f5 {[%emt 0:00:02] Threatens to win with ...Kc4.} 37. fxe4 fxe4 38. g4 $2 (38. Re2) 38... hxg4 {[%emt 0:00:30] Black is clearly winning.} 39. h5 Kc4 (39... Rb7 $142 40. Kd2 Rh1) 40. Rg3 (40. a5 $142) 40... Rh1 {[%emt 0:00:11] Weighted Error Value: White=0.68/Black=0.28 (precise)} 0-1

[Event "34th GER-ch Seniors-65 2022"]
[Site "Magdeburg"]
[Date "2022.08.13"]
[Round "2.10"]
[White "Koehler, Gerhard"]
[Black "Kaiser, Sebastian"]
[Result "1-0"]
[ECO "A11"]
[WhiteElo "2184"]
[BlackElo "1943"]
[Annotator "TA"]
[PlyCount "81"]
[EventDate "2022.08.12"]
[EventType "swiss"]
[EventCountry "GER"]
[SourceTitle "playchess.com"]
[Source "ChessBase"]
[SourceQuality "1"]
[TimeControl "40/5400+30:1800+30"]

1. c4 c6 2. Nf3 d5 3. e3 Nf6 4. Nc3 e6 5. b3 Nbd7 6. Bb2 Be7 {[%emt 0:00:08] A11: English Opening: 1...c6.} 7. d4 O-O 8. Bd3 dxc4 {[%emt 0:00:37] The position is equal.} 9. bxc4 b6 10. O-O Bb7 11. e4 {[%emt 0:02:08] [#]} Nh5 $146 ({Predecessor:} 11... Ne8 12. Qc2 g6 13. Rad1 Bf6 14. e5 Bg7 15. Be4 Qc7 16. Rfe1 a6 17. Ba3 c5 18. Bxb7 Qxb7 {1-0 (28) Tomljanovic,G (2052)-Trtanj,Z (1935) Croatia 2016}) 12. g3 (12. e5 {seems wilder.} Nf4 13. Bc2 f6 14. exf6 Bxf6 15. g3) 12... g6 13. Re1 Re8 14. Bf1 (14. e5 {is interesting.} Bb4 15. Qc2 c5 16. d5) 14... Rb8 15. Qa4 a6 16. Rad1 b5 17. Qc2 Qb6 $2 {[%emt 0:04:46] This move loses the game for Black.} (17... Qc7 $14) 18. c5 $18 Qc7 19. e5 Ng7 20. Ne4 h5 21. Bc1 Nf5 22. Nd6 Qd8 23. Nxe8 Qxe8 24. Bg5 Bf8 25. Bg2 Bg7 26. Bf4 Ne7 27. Ng5 Nf8 28. Ne4 {[%emt 0:00:23] [#] And now Nf6+ would win.} Nd5 {[%emt 0:00:14] Against Nf6+} 29. Bg5 Nh7 30. Nd6 Qd7 31. Bd2 Qe7 32. Bxd5 exd5 {[%emt 0:01:16] White is clearly winning.} 33. e6 f5 34. Bf4 {[%emt 0:00:24][%cal Od6f5,Bd2f4,Bf4g5,Bg5f6][%mdl 32] [#] Strongly threatening Nxf5!} Rf8 35. h4 ({Don't play} 35. Nxb7 Qxb7 36. h4 Re8 $18) 35... Nf6 36. Bg5 Bc8 37. Qd2 Kh7 38. Re2 Rd8 39. Rde1 {[%emt 0:02:06] Threatens to win with Qa5.} Rf8 40. Qa5 Bh6 41. Bxf6 {[%emt 0:31:35] Weighted Error Value: White=0.05 (flawless) /Black=0.30} 1-0